Map: Одиссея РВ

Players

ИИ 1 (новичок)

  • Race: Terran Terran
  • Spawn Location: 11:00

Doll - Winner!

  • Race: Protoss Protoss
  • Spawn Location: 5:00

VOD

Have the link to the VOD?

Description

Time

  • Played on: June 15, 2021, 2:24 p.m.
  • Length: 11:01
Show
View Real Time Build Order
Export as new Build Order

ИИ 1 (новичок) Terran 

Build Orders: Reaper Expand 

Get SALT Encoding   

  12  0:00  SCV  
  13  0:13  SCV  
  14  0:18  Supply Depot  
  14  0:43  Barracks  
  14  1:05  Command Center  
  14  1:32  Marine, Orbital Command, Supply Depot  
  15  1:37  Refinery  
  15  1:49  Refinery  
  15  1:57  SCV  
  16  2:10  SCV  
  17  2:17  Reaper  
  17  2:22  SCV  
  19  2:23  SCV  
  20  2:34  SCV  
  21  2:37  SCV  
  22  2:46  SCV  
  23  2:52  SCV  
  23  2:55  Refinery  
  24  2:59  SCV  
  25  3:06  SCV, Marine  
  27  3:13  SCV  
  27  3:19  Factory  
  28  3:20  SCV  
  29  3:42  Refinery  
  29  3:44  SCV  
  30  3:51  SCV  
  30  3:54  Supply Depot  
  31  3:56  Marine  
  31  3:58  SCV  
  33  4:05  SCV  
  33  4:06  Starport  
  34  4:13  SCV  
  34  4:14  Barracks Tech Lab  
  35  4:20  SCV  
  36  4:27  SCV  
  36  4:31  Supply Depot  
  37  4:34  SCV  
  38  4:41  SCV  
  38  4:45  Starport Tech Lab  
  41  4:46  Marauder  
  41  4:48  SCV  
  42  4:55  SCV  
  43  5:03  SCV, Raven  
  46  5:10  SCV  
  47  5:17  SCV  
  48  5:34  Marine  
  49  5:46  Raven  
  51  6:24  Marine  
  52  7:13  Marauder  
  54  10:14  Marine  
  43  10:25  SCV  
  43  10:27  Supply Depot  
  23  10:40  SCV  
  22  10:46  Supply Depot  
Show
View Real Time Build Order
Export as new Build Order

Doll Protoss - Winner!

Build Orders: 1 Gate Expand 

Get SALT Encoding   

  12  0:00  Probe  
  13  0:17  Pylon  
  13  0:18  Probe  
  14  0:30  Probe  
  15  0:42  Probe (Chrono Boost)  
  16  0:44  Gateway  
  16  0:51  Probe (Chrono Boost)  
  16  0:55  Pylon  
  17  0:58  Probe  
  18  1:04  Assimilator  
  18  1:10  Probe (Chrono Boost)  
  19  1:20  Probe (Chrono Boost)  
  20  1:31  Zealot  
  22  1:40  Nexus  
  22  1:44  Probe  
  23  1:56  Probe  
  23  1:57  Cybernetics Core  
  24  2:03  Zealot  
  26  2:12  Pylon  
  26  2:13  Probe  
  27  2:20  Assimilator  
  27  2:26  Probe  
  28  2:33  Warp Gate, Stalker  
  30  2:41  Probe  
  31  2:48  Gateway  
  31  2:52  Probe  
  32  2:59  Probe  
  32  3:01  Stargate  
  33  3:06  Stalker  
  33  3:10  Probe  
  36  3:14  Probe  
  37  3:23  Probe  
  37  3:25  Twilight Council  
  39  3:27  Probe  
  39  3:35  Zealot  
  39  3:37  Stalker  
  39  3:39  Probe  
  44  3:45  Pylon, Probe  
  45  3:50  Void Ray  
  45  3:51  Probe  
  46  3:59  Probe  
  51  4:05  Probe  
  52  4:11  Gateway  
  52  4:12  Probe  
  53  4:20  Probe  
  53  4:23  Stalker  
  53  4:24  Stalker  
  58  4:28  Probe  
  59  4:36  Probe  
  60  4:38  Robotics Facility  
  60  4:40  Pylon  
  60  4:42  Probe  
  60  4:44  Assimilator  
  61  4:46  Assimilator  
  61  4:49  Probe  
  61  4:52  Pylon  
  62  4:54  Charge  
  62  5:00  Probe  
  62  5:02  Zealot x2  
  62  5:04  Probe  
  68  5:14  Probe  
  68  5:17  Probe  
  68  5:19  Zealot  
  72  5:22  Nexus  
  72  5:23  Void Ray  
  72  5:26  Pylon  
  72  5:32  Probe  
  72  5:33  Probe  
  78  5:41  Pylon  
  78  5:45  Observer  
  78  5:46  Zealot x2  
  78  5:47  Zealot  
  85  5:57  Robotics Bay  
  85  6:03  Forge  
  85  6:05  Forge  
  85  6:06  Probe  
  85  6:07  Void Ray, Sentry, Probe  
  93  6:18  Probe  
  93  6:20  Pylon  
  94  6:31  Pylon  
  94  6:32  Templar Archives  
  94  6:35  Stalker  
  94  6:36  Stalker  
  94  6:37  Zealot  
  100  6:40  Probe x2  
  100  6:41  Probe  
  100  6:45  Void Ray  
  107  6:56  Probe  
  107  6:57  Probe  
  107  6:58  Stargate, Probe  
  110  7:06  Pylon  
  110  7:09  Stalker  
  110  7:11  Sentry, Gateway  
  114  7:18  Probe x3  
  117  7:24  Zealot  
  117  7:26  Void Ray, Robotics Facility  
  119  7:30  Probe  
  119  7:33  Probe  
  119  7:34  Probe  
  119  7:35  Assimilator, Zealot  
  119  7:36  Zealot  
  119  7:37  Assimilator  
  130  7:44  Protoss Shields Level 1  
  130  7:46  Probe x2  
  130  7:49  Pylon  
  132  7:52  Pylon  
  132  7:53  Protoss Ground Weapons Level 1  
  132  7:55  Probe  
  133  8:00  Gateway  
  133  8:03  Gateway  
  133  8:07  Probe  
  133  8:10  Probe x2  
  136  8:26  Dark Shrine  
  136  8:27  Void Ray  
  136  8:29  Fleet Beacon  
  140  8:40  Probe  
  141  8:59  Nexus  
Tags
 
Add a new tag
Caveats
  • Supply blocks, unpowered buildings, or Contaminate may cause inaccurate times.
  • Supply counts are checked every 10 seconds.